 Dungeon Crawl Stone Soup version 0.25-a0-578-gc91f01c39c (webtiles) character file.

Game seed: 16000210625466556363, levelgen mode: deterministic

93156 inmateoo the Black Belt (level 15, -1/115 HPs)
             Began as a Vampire Monk on Mar 7, 2020.
             Was the Champion of Cheibriados.
             Slain by an orc knight
             ... wielding a +1 great sword of holy wrath
              (13 damage)
             ... on level 2 of the Orcish Mines.
             The game lasted 00:44:01 (22647 turns).

inmateoo the Black Belt (Vampire Monk)             Turns: 22647, Time: 00:44:02

Health: -1/115     AC: 16    Str: 33    XL:     15   Next: 59%
Magic:  9/25       EV: 26    Int: 28    God:    Cheibriados [******]
Gold:   2245       SH:  0    Dex: 33    Spells: 20/28 levels left

rFire    + + .     SeeInvis +     - Unarmed
rCold    + . .     Gourm    .   (no shield)
rNeg     . . .     Faith    .   b - +0 swamp dragon scales
rPois    +         Spirit   .   g - +1 helmet
rElec    .         Reflect  .   J - scarf {rC+ rF+}
rCorr    .         Harm     .   d - +0 pair of gloves
MR       ++...                  H - +1 pair of boots
Stlth    +++.......             (no amulet)
HPRegen  0.49/turn              C - ring "Haepaluh" {+Blink MR+ Str+3 Slay+3}
MPRegen  0.19/turn              N - ring of Wukhuw {rF+ EV+3}

@: shrouded, singing, regenerating quickly, studying Air Magic, very slow
A: no food, fangs 3, see invisible, unbreathing
a: Exsanguinate, Bend Time, Temporal Distortion, Slouch, Step From Time,
Renounce Religion, Evoke Blink


You were on level 2 of the Orcish Mines.
You worshipped Cheibriados.
Cheibriados was exalted by your worship.
You were alive.

You visited 3 branches of the dungeon, and saw 23 of its levels.
You also visited: Bailey and Ice Cave.

You collected 2371 gold pieces.
You spent 126 gold pieces at shops.

Inventory:

Hand Weapons
 h - a +4 scimitar of flaming
Missiles
 e - 79 poisoned darts (quivered)
 w - 26 boomerangs
Armour
 b - +0 swamp dragon scales (worn)
 d - a +0 pair of gloves (worn)
 g - a +1 helmet (worn)
 k - +0 ice dragon scales
 u - +0 acid dragon scales
 x - a +0 crystal plate armour
 y - a +0 kite shield
 H - a +1 pair of boots (worn)
 J - a scarf of resistance (worn)
Jewellery
 j - an uncursed ring of protection from fire
 t - an uncursed ring of poison resistance
 C - the ring "Haepaluh" (left hand) {+Blink MR+ Str+3 Slay+3}
   (You found it in an ice cave)

   [ring of slaying]

   It affects your strength (+3).
   It affects your accuracy and damage with ranged weapons and melee attacks
   (+3).
   It affects your resistance to hostile enchantments.
   It lets you blink.
 N - the ring of Wukhuw (right hand) {rF+ EV+3}
   (You found it in an ice cave)

   [ring of evasion]

   It affects your evasion (+3).
   It protects you from fire.
Wands
 n - a wand of flame (83)
 q - a wand of iceblast (11)
 s - a wand of paralysis (1)
 F - a wand of polymorph (13)
 I - a wand of enslavement (4)
Scrolls
 f - 4 scrolls of teleportation
 m - 2 scrolls of magic mapping
 o - 3 scrolls of enchant armour
 v - 4 scrolls of fear
 z - 5 scrolls of fog
 G - 3 scrolls of remove curse
 L - a scroll of blinking
Potions
 a - 9 potions of curing
 c - 2 potions of invisibility
 i - 2 potions of ambrosia
 l - 2 potions of cancellation
 p - 4 potions of flight
 r - 3 potions of brilliance
 B - 3 potions of might
 D - 3 potions of lignification
 E - a potion of mutation
 M - a potion of heal wounds
Books
 A - a manual of Air Magic
Miscellaneous
 K - a phial of floods


   Skills:
 - Level 10.0 Fighting
 + Level 9.7 Armour
 - Level 10.0 Dodging
 - Level 3.0 Stealth
 - Level 16.0 Unarmed Combat
 - Level 7.0 Spellcasting
 - Level 7.0 Summonings
 - Level 8.0 Air Magic
 - Level 8.0 Invocations
 - Level 8.0 Evocations


You had 20 spell levels left.
You knew the following spells:

 Your Spells              Type           Power        Failure   Level  Hunger
a - Summon Lightning Spi  Summ/Air       ######..     3%          4    N/A
b - Shroud of Golubria    Chrm/Tloc      #.....       11%         2    N/A
c - Song of Slaying       Chrm           #.......     11%         2    N/A

Your spell library contained the following spells:

 Spells                   Type           Power        Failure   Level  Hunger
 Summon Small Mammal      Summ           ####         1%          1    N/A
 Call Imp                 Summ           #####...     1%          2    N/A
 Call Canine Familiar     Summ           #####...     1%          3    N/A
 Summon Guardian Golem    Hex/Summ       ####....     4%          3    N/A
 Infusion                 Chrm           #...         7%          1    N/A
 Sandblast                Erth           #.....       7%          1    N/A
 Passwall                 Tmut/Erth      #.......     11%         2    N/A
 Summon Ice Beast         Ice/Summ       ####....     16%         4    N/A
 Ozocubu's Armour         Chrm/Ice       #.......     21%         3    N/A
 Spectral Weapon          Hex/Chrm       #.......     21%         3    N/A
 Stone Arrow              Conj/Erth      #.....       21%         3    N/A
 Petrify                  Tmut/Erth      #.......     56%         4    N/A
 Lee's Rapid Deconstruct  Erth           #.........   88%         5    N/A
 Monstrous Menagerie      Summ           #####.....   97%         7    N/A
 Summon Greater Demon     Summ           #####.....   97%         7    N/A
 Malign Gateway           Summ/Tloc      ####......   100%        7    N/A
 Chain Lightning          Conj/Air       ####......   100%        8    N/A
 Lehudib's Crystal Spear  Conj/Erth      #.........   100%        8    N/A
 Summon Horrible Things   Summ           #####.....   100%        8    N/A
 Fire Storm               Conj/Fire      #.........   100%        9    N/A
 Glaciate                 Conj/Ice       #.........   100%        9    N/A

Dungeon Overview and Level Annotations

Branches:
Dungeon (15/15)            Temple (0/1) D:7            Lair (6/6) D:8
 Shoals (0/4) Lair:4       Spider (0/4) Lair:4        Slime (0/5) Lair:5
    Orc (2/2) D:11         Vaults (0/5) D:13         Depths (0/5) D:15
 Bailey (visited)           IceCv (visited)
    Elf: Orc:2

Altars:
Cheibriados
Elyvilon
Fedhas
Okawaru
Vehumet
Xom
Yredelemnul
Zin
Beogh

Shops:
D:5 [   D:7 ?   Orc:2 !

Annotations:
D:3 1 runed translucent door


Innate Abilities, Weirdness & Mutations

You do not eat.
Your natural rate of healing is unusually fast.
You have razor-sharp teeth.
You have supernaturally acute eyesight. (SInv)
You can survive without breathing.


Message History

Cheibriados thoroughly appreciates the change of pace.
You kill the orc!
Cheibriados thoroughly appreciates the change of pace.
You kill the orc!
Cheibriados thoroughly appreciates the change of pace.
The orc warrior misses you.
Unknown command.
Casting: Song of Slaying (safe; 11% risk of failure)
Confirm with . or Enter, or press ? or * to list all spells.
Aiming: Summon Lightning Spire (safe; 3% risk of failure)
Press: ? - help, Dir - move target cursor An electric hum fills the air.
The orc warrior closely misses you.
Unknown command.
Casting: Summon Lightning Spire (safe; 3% risk of failure)
Confirm with . or Enter, or press ? or * to list all spells.
Space distorts slightly along a thin shroud covering your body.
The orc knight hits you with a +1 great sword of holy wrath!!
* * * LOW HITPOINT WARNING * * *
You convulse!
You die...

.# ####### ### ###...
....... ... .....
†........ ... ....
.#######.# #.# #..#
)# #.# #.# #..#
.#######.###.###..#
..................#
.###.###.....)..@)##'
.# #.#
#..8...8.o8o).).. .#
#.# #...).)..).##'###
.###.###.###)###..#
..
.......).#.)...#..# #
.###.###.#.....#..# .
#.# #.#.._..#..# #.#
#.#######..# ... ...


You could see an orc knight, an orc warrior and a friendly lightning spire.

Vanquished Creatures
  Jorgrun (D:12)
  A fire giant (D:15)
  An orc warlord (Orc:2)
  The ghost of Yorgos the Fighter, a journeyman GnAK of Lugonu (Lair:6)
  Josephine (D:10)
  A great orb of eyes (shapeshifter) (D:13)
  A vault guard (D:13)
  2 ice dragons (IceCv)
  5 hydras
  Erica (Lair:1)
  2 two-headed ogres
  A merfolk avatar (Lair:6)
  A death yak (Lair:6)
  Sonja (D:11)
  A fire crab (Lair:6)
  A skeletal warrior (D:11)
  3 unseen horrors
  A sea snake (Lair:6)
  Pikel (D:5)
  A deep elf mage (D:13)
  An ugly thing (D:13)
  4 orc knights
  7 cyclopes
  4 manticores
  4 merfolk sirens (Lair:4)
  2 centaur zombies
  A black mamba (shapeshifter) (D:13)
  2 ice statues (IceCv)
  5 black mambas
  24 elephants
  10 spiny frogs
  2 gargoyles
  Maggie (D:8)
  7 rime drakes
  A kobold demonologist (D:13)
  2 torpor snails
  15 komodo dragons
  2 trolls
  2 tengu conjurers
  3 meliai (Lair:5)
  A queen bee (Lair:5)
  2 wind drakes (Lair:6)
  A polar bear (shapeshifter) (D:13)
  2 hornets
  5 polar bears (Lair:6)
  19 blink frogs
  Grinder (D:4)
  3 dream sheep (Lair:6)
  8 hippogriffs
  4 flying skulls (D:11)
  A spriggan (D:8)
  10 wraiths
  8 shadows
  Eustachio (D:5)
  A basilisk (Lair:1)
  9 wyverns
  A steam dragon (D:14)
  3 hungry ghosts
  57 yaks
  A vampire mosquito (D:9)
  4 wargs (Orc:2)
  A soldier ant (D:13)
  12 water moccasins
  5 porcupines
  Duvessa (D:4)
  A black bear (Lair:2)
  10 ice beasts
  3 slaves (D:5)
  3 sky beasts
  12 ogres
  26 orc warriors
  2 phantoms
  A necrophage (D:13)
  5 centaurs
  22 wolves
  5 crocodiles
  A wyvern zombie (D:11)
  9 bullfrogs
  2 big kobolds
  Dowan (D:4)
  A water moccasin zombie (D:11)
  A wyvern skeleton (D:11)
  5 scorpions
  33 killer bees
  13 wights
  10 howler monkeys
  An electric eel (Lair:2)
  7 crimson imps
  3 bullfrog zombies
  4 jellies
  A quasit (D:9)
  4 centaur skeletons
  4 bullfrog skeletons
  8 orc priests
  10 hounds
  14 orc wizards
  Jessica (D:2)
  An iguana (D:9)
  Terence (D:1)
  15 worker ants
  A hound zombie (D:9)
  4 hound skeletons
  Robin (D:1)
  4 gnolls (D:2)
  3 howler monkey skeletons
  5 worker ant zombies (D:11)
  14 adders
  7 shadow imps
  4 oozes (Lair:5)
  2 adder zombies
  4 worms
  2 dart slugs (D:1)
  4 leopard geckos
  74 orcs
  A ball python (D:3)
  7 bats
  3 giant cockroaches
  15 goblins
  23 hobgoblins
  17 jackals
  19 kobolds
  6 quokkas
  4 frilled lizards
  A leopard gecko zombie (D:8)
  A quokka zombie (D:5)
  8 rats
  A spectral orc (D:8)
  A fungus (Lair:5)
764 creatures vanquished.

Vanquished Creatures (collateral kills)
  Urug (Lair:3)
  Nergalle (Lair:3)
  A fire crab (Lair:6)
  A sea snake (Lair:6)
  An orc sorcerer (Orc:2)
  2 oklob plants (Lair:5)
  4 elephants
  A spiny frog (Lair:5)
  A rime drake (IceCv)
  2 komodo dragons
  3 trolls
  A dream sheep (Lair:6)
  5 blink frogs
  10 yaks
  A vampire (D:13)
  A warg (Orc:2)
  2 water moccasins (Lair:6)
  2 porcupines (Lair:5)
  4 orc warriors (Orc:2)
  6 ice beasts (IceCv)
  6 wolves
  2 bullfrogs
  4 killer bees (Lair:5)
  A jelly (Lair:5)
  A hell rat (Lair:5)
  An ooze (Lair:5)
  3 orcs (Orc:2)
  3 fungi
  A plant (Lair:5)
72 creatures vanquished.

Vanquished Creatures (others)
  2 wolves (Lair:5)
  21 fungi
  34 plants
57 creatures vanquished.

Grand Total: 893 creatures vanquished

Notes
Turn   | Place    | Note
-------+----------+-------------------------------------------
     0 | D:1      | inmateoo the Vampire Monk began the quest for the Orb.
     0 | D:1      | Reached XP level 1. HP: 17/17 MP: 1/1
    65 | D:1      | Reached XP level 2. HP: 23/23 MP: 2/2
   437 | D:1      | Reached skill level 4 in Unarmed Combat
   583 | D:1      | Reached XP level 3. HP: 24/29 MP: 3/3
   762 | D:2      | Noticed Terence
   898 | D:1      | Killed Terence
  1002 | D:2      | Reached XP level 4. HP: 21/35 MP: 4/4
  1047 | D:2      | Noticed Robin
  1048 | D:2      | Noticed Jessica
  1217 | D:1      | Killed Robin
  1243 | D:2      | Killed Jessica
  1383 | D:2      | Reached XP level 5. HP: 40/41 MP: 5/5
  1396 | D:2      | Reached skill level 1 in Armour
  1461 | D:2      | Reached skill level 5 in Unarmed Combat
  1552 | D:2      | Found an iron altar of Okawaru.
  2034 | D:3      | Found a white marble altar of Elyvilon.
  2035 | D:3      | Found a runed translucent door.
  2035 | D:3      | Noticed an angel
  2416 | D:3      | Reached XP level 6. HP: 21/48 MP: 6/6
  3048 | D:4      | Reached skill level 6 in Unarmed Combat
  3061 | D:4      | Noticed Duvessa
  3062 | D:4      | Noticed Dowan
  3083 | D:4      | Killed Duvessa
  3083 | D:4      | Reached skill level 5 in Dodging
  3083 | D:4      | Reached XP level 7. HP: 43/54 MP: 7/7
  3438 | D:4      | Noticed Eustachio
  3447 | D:5      | Entered Level 5 of the Dungeon
  3464 | D:5      | Found a snail-covered altar of Cheibriados.
  3482 | D:5      | Killed Eustachio
  3482 | D:5      | Reached skill level 7 in Unarmed Combat
  3503 | D:5      | Became a worshipper of Cheibriados the Contemplative
  3503 | D:5      | Reached * piety under Cheibriados
  3503 | D:5      | Reached ** piety under Cheibriados
  3543 | D:5      | Noticed Pikel
  3556 | D:5      | Killed Pikel
  3556 | D:5      | Reached skill level 5 in Fighting
  3556 | D:5      | Reached skill level 8 in Unarmed Combat
  3556 | D:5      | Reached XP level 8. HP: 54/62 MP: 8/8
  3577 | D:4      | Killed Dowan
  3694 | D:4      | Noticed Grinder
  3709 | D:4      | Paralysed by Grinder for 4 turns
  3851 | D:4      | Killed Grinder
  4240 | D:5      | Found Jiria's Antique Armour Shoppe.
  4290 | D:5      | Reached *** piety under Cheibriados
  4664 | D:5      | Reached XP level 9. HP: 72/72 MP: 9/9
  5113 | D:6      | Reached **** piety under Cheibriados
  5236 | D:6      | Found a radiant altar of Vehumet.
  5673 | D:7      | Found a staircase to the Ecumenical Temple.
  5681 | D:7      | Reached skill level 1 in Invocations
  5681 | D:7      | Reached skill level 1 in Evocations
  5757 | D:7      | Found Caurph's Magic Scroll Shoppe.
  6019 | D:7      | Found a glowing silver altar of Zin.
  6414 | D:8      | Found a staircase to the Lair.
  6452 | D:8      | Learned a level 4 spell: Summon Lightning Spire
  6466 | D:8      | Noticed Maggie
  6478 | D:8      | Killed Maggie
  6478 | D:8      | Reached XP level 10. HP: 56/80 MP: 10/12
  6523 | D:8      | Reached skill level 9 in Unarmed Combat
  6573 | D:8      | Reached skill level 1 in Summonings
  6663 | D:8      | Reached skill level 5 in Armour
  6666 | D:8      | Reached ***** piety under Cheibriados
  6666 | D:8      | Reached skill level 1 in Spellcasting
  6739 | D:8      | Found a basalt altar of Yredelemnul.
  7686 | D:10     | Entered Level 10 of the Dungeon
  8201 | D:10     | Got a faintly humming plate armour
  8203 | D:10     | Identified the cursed +0 plate armour "Ulynot" {rElec} (You
                  | found it on level 10 of the Dungeon)
  8262 | D:10     | Reached ****** piety under Cheibriados
  8836 | D:11     | Noticed Sonja
  8836 | D:11     | Noticed an eight-headed hydra
  8892 | D:11     | Killed Sonja
  8892 | D:11     | Reached XP level 11. HP: 86/86 MP: 15/15
  8892 | D:11     | Noticed Josephine
  8904 | D:10     | Killed Josephine
  9323 | D:11     | Killed an eight-headed hydra
  9338 | D:11     | Reached skill level 10 in Unarmed Combat
  9687 | D:11     | Reached skill level 5 in Invocations
  9693 | D:11     | Reached skill level 5 in Evocations
  9743 | D:11     | Noticed a skeletal warrior
  9750 | D:11     | Killed a skeletal warrior
  9779 | D:11     | Reached XP level 12. HP: 74/92 MP: 9/18
  9882 | D:11     | Reached skill level 5 in Summonings
 10139 | D:11     | Found a staircase to the Orcish Mines.
 10524 | D:12     | Found a flagged portal.
 10526 | D:12     | Noticed a two-headed ogre
 10534 | D:12     | Killed a two-headed ogre
 10602 | D:11     | Got a polished glaive
 10652 | D:12     | Identified the +1 glaive of Weviek {speed, Int+3} (You
                  | found it on level 11 of the Dungeon)
 10654 | Bailey   | Entered a bailey
 10789 | Bailey   | Reached skill level 5 in Spellcasting
 11091 | D:12     | Noticed Jorgrun
 11105 | D:12     | Killed Jorgrun
 11105 | D:12     | Reached skill level 11 in Unarmed Combat
 11637 | D:13     | Noticed a two-headed ogre
 11645 | D:13     | Killed a two-headed ogre
 11790 | D:13     | Noticed a four-headed hydra
 11799 | D:13     | Killed a four-headed hydra
 11826 | D:13     | You fall into a shaft and drop 2 floors!
 11826 | D:15     | Entered Level 15 of the Dungeon
 12190 | D:13     | Identified a scroll of acquirement
 12290 | D:13     | Reached skill level 1 in Air Magic
 12290 | D:13     | Reached XP level 13. HP: 73/98 MP: 22/22
 12592 | D:13     | Paralysed by a great orb of eyes for 6 turns
 12942 | D:13     | Found a gate to the Vaults.
 13258 | D:14     | Found a basalt altar of Yredelemnul.
 13388 | D:14     | Reached skill level 5 in Air Magic
 13988 | D:15     | Found a blossoming altar of Fedhas.
 14180 | D:15     | Found a shimmering altar of Xom.
 14273 | D:15     | Found a staircase to the Depths.
 14273 | D:15     | Noticed a fire giant
 14402 | D:15     | Killed a fire giant
 14777 | Lair:1   | Entered Level 1 of the Lair of Beasts
 14820 | Lair:1   | Reached skill level 12 in Unarmed Combat
 15441 | Lair:1   | Noticed Erica
 15604 | Lair:1   | Killed Erica
 16191 | Lair:2   | HP: 4/98 [six-headed hydra (13)]
 16227 | Lair:2   | Reached XP level 14. HP: 26/105 MP: 9/24
 17192 | Lair:3   | Noticed Urug
 17200 | Lair:3   | Killed Urug
 17201 | Lair:3   | Noticed Nergalle
 17208 | Lair:3   | Killed Nergalle
 17669 | Lair:4   | Found a frozen archway.
 17716 | IceCv    | Entered an ice cave
 18177 | IceCv    | Got a scorched turquoise ring
 18181 | IceCv    | Got a brightly glowing pewter ring
 18202 | IceCv    | Identified the ring "Haepaluh" {+Blink MR+ Str+3 Slay+3}
                  | (You found it in an ice cave)
 18204 | IceCv    | Identified the ring of Wukhuw {rF+ EV+3} (You found it in
                  | an ice cave)
 18363 | Lair:4   | Identified the amulet of Obburro {RegenMP *Drain +Inv Str+6
                  | Dex+4} (You acquired it on level 4 of the Lair of Beasts)
 18371 | Lair:4   | Reached skill level 13 in Unarmed Combat
 18375 | Lair:4   | Learned a level 2 spell: Shroud of Golubria
 18378 | Lair:4   | Learned a level 2 spell: Song of Slaying
 18537 | Lair:4   | Found a staircase to the Shoals.
 18937 | Lair:4   | Found a hole to the Spider Nest.
 19173 | Lair:5   | Reached skill level 10 in Dodging
 19523 | Lair:5   | Found a staircase to the Slime Pits.
 19591 | Lair:5   | Reached skill level 14 in Unarmed Combat
 20501 | Lair:5   | Identified the +4 plate armour "Ezxeo" {Dex+3} (You found
                  | it on level 5 of the Lair of Beasts)
 20505 | Lair:5   | Got a smoking rapier
 20506 | Lair:5   | Identified the +5 rapier "Cuhe" {flame, Dex+3} (You found
                  | it on level 5 of the Lair of Beasts)
 20560 | Lair:6   | Entered Level 6 of the Lair of Beasts
 20592 | Lair:6   | Reached XP level 15. HP: 87/115 MP: 21/25
 20851 | Lair:6   | Reached skill level 10 in Fighting
 20860 | Lair:6   | Reached skill level 15 in Unarmed Combat
 20945 | Lair:6   | Found a runed translucent gate.
 20945 | Lair:6   | Found a runed translucent gate.
 20945 | Lair:6   | Found a runed translucent gate.
 20946 | Lair:6   | Noticed Yorgos's ghost (journeyman GnAK)
 21767 | Lair:6   | Killed Yorgos's ghost
 22281 | Orc:1    | Entered Level 1 of the Orcish Mines
 22321 | Orc:2    | Entered Level 2 of the Orcish Mines
 22348 | Orc:2    | Found Omut's Distillery.
 22356 | Orc:2    | Bought a potion of heal wounds for 70 gold pieces
 22356 | Orc:2    | Bought a potion of stabbing for 56 gold pieces
 22376 | Orc:2    | Noticed an orc warlord
 22392 | Orc:2    | Killed an orc warlord
 22602 | Orc:2    | Found a roughly hewn altar of Beogh.
 22634 | Orc:2    | Reached skill level 16 in Unarmed Combat
 22647 | Orc:2    | Slain by an orc knight

Levels and vault maps discovered:
D:1:      dpeg_arrival_line_fractal, layout_basic
D:2:      layout_rooms, okawaru_trees_2, first_ration, minmay_tripent,
          uniq_jessica, uniq_robin, uniq_terence
D:3:      layout_basic, lemuel_angel_altar
D:4:      layout_basic, uniq_grinder, uniq_eustachio, uniq_duvessa
D:5:      layout_cave_pods, lemuel_round_altar, serial_shops,
          kennysheep_mini_moat, uniq_pikel
D:6:      nicolae_whirlpool, layout_basic, vehumet_crystals
D:7:      layout_loops_ring, zin_treasury, temple_green, serial_shops,
          nicolae_shop_waterfront
D:8:      layout_loops_ring, yredelemnul_forgotten_temple_becter,
          lair_entry_dummy, the_bakery, uniq_maggie
D:9:      layout_roguey, hangedman_abyss_or_decor_clamps, minmay_pinched_square
D:10:     layout_basic, minivault_11
D:11:     hangedman_screamer, layout_irregular_city, uniq_sonja, uniq_josephine
D:12:     layout_rooms, enter_bailey_2, uniq_jorgrun
D:13:     layout_roguey, david_vaults_5, minmay_misc_feat_doors
D:14:     layout_roguey, patterned_corridor, basic_altar,
          chequers_serial_rivers_small_a
D:15:     grunt_enter_depths_giant_problem, layout_long_grid, basic_altar,
          minmay_misc_feat_hallway, fedhas_altar_1
Lair:1:   layout_hall_layers, uniq_erica
Lair:2:   layout_roguey, serial_bayou_shore_a
Lair:3:   layout_chaotic_city, uniq_nergalle, uniq_urug
Lair:4:   layout_regular_city, elwin_shoals_entry_stream, dummy_spider_entry,
          portal_ice_cave_rime
Lair:5:   regret_index_harrowing_hell_hive, layout_loops_ring,
          nicolae_slime_entry_slimehenge
Lair:6:   gammafunk_lair_ancient_temple, layout_regular_city,
          gammafunk_ghost_split, infiniplex_staircase_pool
Orc:1:    layout_diamond_mine, serial_shops, shop,
          gammafunk_ghost_berserking_beasts
Orc:2:    st_orc_town, layout_diamond_mine, serial_shops, nicolae_shop_stone

Skill      XL: |  1  2  3  4  5  6  7  8  9 10 11 12 13 14 15 |
---------------+----------------------------------------------+-----
Fighting       | 3 4 5 7 8 9 10 | 10.0
Unarmed Combat | 4 5 6 8 9 10 11 12 14 16 | 16.0
Dodging        | 4 5 6 7 8 9 10 | 10.0
Armour         | 1 2 3 4 5 6 7 8 9 |  9.7
Invocations    | 2 4 5 6 8 |  8.0
Evocations     | 2 4 5 6 8 |  8.0
Summonings     | 3 4 6 7 |  7.0
Spellcasting   | 3 4 6 7 |  7.0
Air Magic      | 1 8 |  8.0
Stealth        | |  3.0

Action                   |  1- 3 |  4- 6 |  7- 9 | 10-12 | 13-15 || total
-------------------------+-------+-------+-------+-------+-------++-------
Melee: Unarmed           |   146 |   197 |    14 |   133 |  1102 ||  1592
       Bite              |    11 |    31 |    59 |   152 |   248 ||   501
       Punch             |     2 |     4 |    15 |    59 |   151 ||   231
       Falchion          |       |    78 |   258 |   397 |       ||   733
Throw: Dart              |     4 |     9 |       |     1 |       ||    14
 Cast: Summon Lightning  |       |       |       |     2 |    42 ||    44
       Shroud of Golubri |       |       |       |       |     5 ||     5
       Song of Slaying   |       |       |       |       |     3 ||     3
Invok: Slouch            |       |       |       |     5 |     4 ||     9
Evoke: Wand              |       |       |     3 |    21 |    18 ||    42
       Phial of floods   |       |       |       |       |     2 ||     2
  Use: Scroll            |       |       |    14 |     9 |    16 ||    39
       Potion            |       |       |     2 |     1 |     5 ||     8
 Stab: Sleeping          |     5 |       |     3 |    13 |    12 ||    33
       Distracted        |       |       |       |     1 |    19 ||    20
       Paralysed         |       |       |       |     3 |     2 ||     5
Armor: Robe              |    14 |       |       |       |       ||    14
       Chain mail        |    14 |   197 |   104 |       |       ||   315
       Swamp dragon scal |       |       |    61 |   146 |   285 ||   492
       Skin              |       |       |       |       |    21 ||    21
Dodge: Dodged            |    92 |   117 |   247 |   627 |  1288 ||  2371
       Rpst.: Falchion   |       |     6 |    73 |   164 |       ||   243

Table legend:
 A = Non-vault XP
 B = Vault XP
 C = Vault XP percentage of total XP
 D = Non-vault monster count
 E = Vault monster count
 F = Vault count percentage of total count
                 A         B        C        D         E       F
            +---------+---------+-------+---------+---------+-------
      Total |   78165 |   54916 |  41.3 |     570 |     258 |  31.2
            +---------+---------+-------+---------+---------+-------
        D:1 |      57 |      68 |  54.4 |      33 |      11 |  25.0
        D:2 |      93 |      46 |  33.1 |      22 |       6 |  21.4
        D:3 |     196 |       0 |   0.0 |      33 |       0 |   0.0
        D:4 |     448 |     495 |  52.5 |      23 |       3 |  11.5
        D:5 |     582 |     860 |  59.6 |      18 |       2 |  10.0
        D:6 |     416 |     227 |  35.3 |      23 |       2 |   8.0
        D:7 |     871 |       0 |   0.0 |      15 |       0 |   0.0
        D:8 |    1233 |     610 |  33.1 |      22 |       3 |  12.0
        D:9 |    1057 |    1061 |  50.1 |      28 |      12 |  30.0
       D:10 |    2298 |    1041 |  31.2 |      35 |       1 |   2.8
       D:11 |    7132 |    5867 |  45.1 |      45 |      37 |  45.1
       D:12 |    2422 |    2858 |  54.1 |      15 |       1 |   6.2
       D:13 |    6038 |    5419 |  47.3 |      21 |      13 |  38.2
       D:14 |    5285 |       0 |   0.0 |      15 |       0 |   0.0
       D:15 |    2927 |    1536 |  34.4 |      12 |       1 |   7.7
     Lair:1 |    6801 |     923 |  11.9 |      36 |       1 |   2.7
     Lair:2 |    7287 |       0 |   0.0 |      40 |       0 |   0.0
     Lair:3 |    1820 |     963 |  34.6 |       8 |       2 |  20.0
     Lair:4 |    2601 |    2594 |  49.9 |       7 |       6 |  46.2
     Lair:5 |   14247 |    7662 |  35.0 |      57 |      61 |  51.7
     Lair:6 |   10552 |   13243 |  55.7 |      39 |      34 |  46.6
      Orc:1 |     411 |       0 |   0.0 |       6 |       0 |   0.0
      Orc:2 |    3391 |    3323 |  49.5 |      17 |      27 |  61.4
     Bailey |       0 |    1717 | 100.0 |       0 |      15 | 100.0
      IceCv |       0 |    4403 | 100.0 |       0 |      20 | 100.0
            +---------+---------+-------+---------+---------+-------
